 Dungeon Crawl Stone Soup version 0.29.1-1-gd02db6906a (webtiles) character file.

Game seed: 18194995831776447740

561 Orthodox the Trooper (level 7, -7/45 HPs)
             Began as a Gargoyle Fighter on Oct 23, 2022.
             Was an Initiate of Okawaru.
             Killed by divine providence
             ... invoked by an orc priest
              (15 damage)
             ... on level 4 of the Dungeon.
             The game lasted 00:14:14 (3856 turns).

Orthodox the Trooper (Gargoyle Fighter)             Turns: 3856, Time: 00:14:15

Health: -7/45      AC: 19    Str: 21    XL:     7   Next: 31%
Magic:  7/7        EV:  8    Int:  9    God:    Okawaru [......]
Gold:   147        SH:  8    Dex:  9    Spells: 6/6 levels left

rFire   . . .      SeeInvis .   a - +0 flail
rCold   + . .      Faith    .   h - +0 kite shield
rNeg    + . .      Spirit   .   b - +0 scale mail
rPois   ∞          Reflect  .   u - +2 helmet
rElec   +          Harm     .   (no cloak)
rCorr   .          Rampage  .   f - +0 pair of gloves
Will    .....                   i - +2 pair of boots
Stlth   ..........              (no amulet)
HPRegen 0.15/turn               j - ring of protection from cold
MPRegen 0.10/turn               (no ring)

@: mighty
A: sickness immunity, AC +4, negative energy resistance 1, electricity
resistance, torment resistance 1, petrification resistance
a: Renounce Religion


You were on level 4 of the Dungeon.
You worshipped Okawaru.
Okawaru was noncommittal.
You visited 1 branch of the dungeon, and saw 4 of its levels.

You collected 147 gold pieces.

Inventory:

Hand Weapons
 a - a +0 flail (weapon)
 v - a +1 mace of holy wrath
Armour
 b - a +0 scale mail (worn)
 c - a +0 buckler
 f - a +0 pair of gloves (worn)
 h - a +0 kite shield (worn)
 i - a +2 pair of boots (worn)
 u - a +2 helmet (worn)
Jewellery
 j - a ring of protection from cold (left hand)
Wands
 o - a wand of charming (3)
 x - a wand of flame (23)
Scrolls
 e - a scroll of identify
 g - 2 scrolls of blinking
 k - a scroll of enchant armour {unknown}
 l - 2 scrolls of teleportation
 m - 2 scrolls of noise
 p - a scroll of summoning
 t - a scroll of enchant weapon {unknown}
 w - a scroll of amnesia {unknown}
Potions
 r - a potion of mutation {unknown}
 s - a potion of flight {unknown}


   Skills:
 * Level 5.8 Fighting
 * Level 4.7 Maces & Flails
 + Level 3.5 Armour
 + Level 5.5 Shields


You had 6 spell levels left.
You didn't know any spells.
Your spell library contained the following spells:

 Spells                   Type           Power      Damage    Failure   Level
 Freeze                   Ice            0%         1d3       97%         1
 Frozen Ramparts          Ice            0%         1d1       100%        3
 Hailstorm                Conj/Ice       0%         3d3       100%        4


Dungeon Overview and Level Annotations

Branches:
Dungeon (4/15)
 Temple: D:4-7

Altars:
Gozag
Nemelex Xobeh
Okawaru
Uskayaw


Innate Abilities, Weirdness & Mutations

You are immune to sickness and miasma.
Your stone body is resilient. (AC +4)
You are immune to poison.
You resist negative energy. (rN+)
You are resistant to electric shocks. (rElec)
You are resistant to unholy torment.
You are immune to petrification.


Message History

The orc wizard closely misses you. The orc priest completely misses you.
You feel very mighty all of a sudden.
The orc wizard hits you but does no damage.
The orc priest hits you but does no damage.
The orc priest attacks as you move away!
The orc priest hits you with a +0 trident!
The orc wizard casts a spell at you. You resist with some effort.
The orc priest hits you but does no damage.
You barely miss the orc wizard.
The orc wizard is moderately wounded.
The orc wizard hits you but does no damage.
The orc priest calls upon Beogh to heal the orc wizard.
The orc wizard's wounds heal themselves!
You hit the orc wizard.
The orc wizard is lightly wounded.
The orc wizard points at you and mumbles some strange words.
The puff of flame hits you!
* * * LOW HITPOINT WARNING * * *
The orc priest hits you from afar with a +0 trident.
* * * LOW HITPOINT WARNING * * *
The orc priest barely misses you. The orc wizard barely misses you.
Okay, then.
You are too confused!
Unknown command.
It was a potion of curing.
You feel better. You block the orc wizard's attack.
The orc priest hits you from afar with a +0 trident.
* * * LOW HITPOINT WARNING * * *
You sock the orc wizard!
The orc wizard is almost dead.
The orc wizard hits you but does no damage.
You block the orc priest's attack.
Okay, then.
You thump the orc wizard!
You kill the orc wizard!
Okawaru accepts your kill. The orc priest barely misses you.
The orc priest mumbles some strange prayers to Beogh against you.
Beogh smites you!
You die...

#...o.......#
#..##..÷##
.#.........##
##.##.....#####
#..........#
##..###.........
..........##
#..## #.........
.o........#
##.## ##.....###
#...####### #..#
##.....# #####
##.## ###...##
.# ##o## ##...#
.# #)@# #...# o.
#.## #.... .o#
#..# ##... ...
#..## #... ..o.
#.# #... . ..
#... ..# ##...
... #.... ##..
#....


You could see an orc priest.

Vanquished Creatures
  A black bear (D:3)
  An ogre (D:4)
  A scorpion (D:4)
  An orc priest (D:4)
  An iguana (D:4)
  An orc wizard (D:4)
  5 adders
  A white imp (D:4)
  2 worms (D:2)
  3 dart slugs (D:1)
  8 orcs
  8 endoplasms
  5 giant cockroaches
  5 goblins
  3 hobgoblins
  4 jackals (D:1)
  A quokka (D:3)
  6 ball pythons
  4 bats (D:1)
  A frilled lizard (D:3)
  4 kobolds
  8 rats
74 creatures vanquished.

Vanquished Creatures (collateral kills)
  A water moccasin (D:3)
  A bat (D:3)
2 creatures vanquished.

Vanquished Creatures (others)
  2 plants (D:2)
2 creatures vanquished.

Grand Total: 78 creatures vanquished

Notes
Turn   | Place    | Note
-------+----------+-------------------------------------------
     0 | D:1      | Orthodox the Gargoyle Fighter began the quest for the Orb.
     0 | D:1      | Reached XP level 1. HP: 14/14 MP: 1/1
   314 | D:1      | Reached XP level 2. HP: 12/19 MP: 2/2
   772 | D:1      | Reached XP level 3. HP: 24/24 MP: 3/3
  1539 | D:2      | Found a sparkling altar of Nemelex Xobeh.
  2316 | D:3      | Noticed a water moccasin
  2331 | D:3      | Killed a water moccasin
  2332 | D:3      | Reached XP level 4. HP: 22/30 MP: 4/4
  2332 | D:3      | Reached XP level 5. HP: 25/34 MP: 5/5
  2646 | D:3      | Found a hide-covered altar of Uskayaw.
  2820 | D:3      | Noticed a black bear
  2848 | D:3      | Found an opulent altar of Gozag.
  2856 | D:3      | Killed a black bear
  2857 | D:3      | Reached skill level 5 in Fighting
  2857 | D:3      | Reached skill level 5 in Shields
  2857 | D:3      | Reached XP level 6. HP: 40/40 MP: 6/6
  3092 | D:3      | Found a faded altar of an unknown god.
  3502 | D:4      | Reached XP level 7. HP: 41/44 MP: 7/7
  3531 | D:4      | Found an iron altar of Okawaru.
  3543 | D:4      | Became a worshipper of Warmaster Okawaru
  3852 | D:4      | HP: 2/45 [orc priest/+0 trident (3)]
  3856 | D:4      | Killed from afar by an orc priest

Illustrated notes

Levels and vault maps discovered:
D:1:      doesnt_arrival_eight_statues, layout_loops_ring
D:2:      layout_basic, basic_altar, chequers_big_river
D:3:      layout_rooms, lemuel_doored_altar, old_standard_altar,
          hellmonk_ecumenical_altar_defaced_shrine, small_statue_alley_b,
          minmay_crystal_room, corexii_corridor_pit, st_stairs_7,
          minmay_misc_feat_cross
D:4:      layout_cave_pods, okawaru_metal_pillars_3, minivault_5

Skill      XL: |  1  2  3  4  5 |
---------------+----------------+-----
Shields        | 4 5 |  5.5
Fighting       | 4 5 |  5.8
Maces & Flails | 3 4 |  4.7
Armour         | |  3.5

Action                   |  1- 3 |  4- 6 |  7- 9 || total
-------------------------+-------+-------+-------++-------
Melee: Flail             |   131 |   110 |    57 ||   298
Throw: Throwing net      |     1 |       |       ||     1
Evoke: Wand              |     1 |     2 |       ||     3
  Use: Scroll            |     5 |       |       ||     5
       Potion            |       |       |     3 ||     3
Armor: Scale mail        |    90 |    65 |    46 ||   201
Dodge: Dodged            |    73 |    51 |    26 ||   150
Block: Buckler           |    24 |    15 |       ||    39
       Kite shield       |       |    14 |    19 ||    33
